 Dungeon Crawl Stone Soup version 0.30-a0-718-geaa24f58ff (webtiles) character file.

Game seed: 9214055426062619039

91 Newt the Shooter (level 4, 0/31 HPs)
             Began as a Kobold Hunter on Jan 25, 2023.
             Killed by vampiric draining
             ... invoked by olddryhag's ghost
              (9 damage)
             ... on level 3 of the Dungeon.
             The game lasted 00:02:23 (3291 turns).

Newt the Shooter (Kobold Hunter)                    Turns: 3291, Time: 00:02:24

Health: 0/31       AC:  8    Str:  8    XL:     4   Next: 88%
Magic:  4/4        EV: 14    Int: 10    God:
Gold:   123        SH:  0    Dex: 20    Spells: 3/3 levels left

rFire   . . .      SeeInvis .    a - +0 shortbow
rCold   . . .      Faith    .    (shield currently unavailable)
rNeg    . . .      Spirit   .    j - +2 leather armour {rPois}
rPois   +          Reflect  .    (no helmet)
rElec   .          Harm     .    (no cloak)
rCorr   .          Rampage  .    l - +2 pair of gloves
Will    .....                    (no boots)
Stlth   +++                      (no amulet)
HPRegen 0.25/turn                (no ring)
MPRegen 0.09/turn                (no ring)

@: lethally poisoned (0 -> -1)
A: small, no large weapons, nightstalker 3
a: no special abilities


You were on level 3 of the Dungeon.
You visited 1 branch of the dungeon, and saw 3 of its levels.

You collected 123 gold pieces.

Inventory:

Hand Weapons
 a - a +0 shortbow (weapon)
Armour
 c - a +0 leather armour
 j - a +2 leather armour of poison resistance (worn)
 l - a +2 pair of gloves (worn)
Scrolls
 b - 5 scrolls of immolation
 h - a scroll of torment
 k - a scroll of amnesia
Potions
 d - a potion of curing
 i - 2 potions of heal wounds
 n - a potion of berserk rage


   Skills:
 - Level 5.0 Fighting
 + Level 5.5 Ranged Weapons
 - Level 2.4 Dodging
 - Level 1.3 Stealth


You had 3 spell levels left.
You didn't know any spells.
Your spell library contained the following spells:

 Spells                   Type           Power      Damage    Failure   Level
 Ensorcelled Hibernation  Hex/Ice        0%         N/A       63%         2
 Passwall                 Tmut/Erth      0%         N/A       63%         2
 Sublimation of Blood     Necr           0%         N/A       63%         2
 Swiftness                Air            0%         N/A       86%         3
 Petrify                  Tmut/Erth      0%         N/A       99%         4
 Irradiate                Conj/Tmut      0%         3d11      100%        5
 Malign Gateway           Summ/Tloc      0%         N/A       100%        7
 Summon Horrible Things   Summ           0%         N/A       100%        8


Dungeon Overview and Level Annotations

Branches:
Dungeon (3/15)

Altars:

Annotations:
D:3 olddryhag's ghost, amateur DsNe


Innate Abilities, Weirdness & Mutations

You are small and have problems with some larger weapons.
You are completely attuned to the shadows.


Message History

You shoot an arrow. The arrow hits olddryhag's ghost!
Olddryhag's ghost is severely damaged.
Olddryhag's ghost hits you but does no damage.
You shoot an arrow. The arrow hits olddryhag's ghost.
Olddryhag's ghost is severely damaged.
Olddryhag's ghost hits you but does no damage.
Olddryhag's ghost hits you.
You shoot an arrow.
The arrow barely misses olddryhag's ghost.
Olddryhag's ghost barely misses you.
You shoot an arrow.
The arrow barely misses olddryhag's ghost.
Olddryhag's ghost draws life force from you!
Olddryhag's ghost is healed by the life force!
You shoot an arrow. The arrow hits olddryhag's ghost.
Olddryhag's ghost is severely damaged.
You feel less wooden.
Your +2 pair of gloves unmelds from your body.
Your +2 leather armour of poison resistance unmelds from your body.
You feel resistant to poison.
Olddryhag's ghost hits you but does no damage.
You shoot an arrow.
The arrow barely misses olddryhag's ghost.
Olddryhag's ghost hits you but does no damage.
You are poisoned.
You shoot an arrow. The arrow hits olddryhag's ghost.
Olddryhag's ghost is severely damaged.
You feel sick.
Olddryhag's ghost hits you but does no damage.
Olddryhag's ghost draws life force from you!
Olddryhag's ghost is healed by the life force!
You shoot an arrow.
The arrow barely misses olddryhag's ghost.
You feel sick.
Olddryhag's ghost completely misses you.
You shoot an arrow. The arrow hits olddryhag's ghost.
Olddryhag's ghost is severely damaged.
You feel sick.
Olddryhag's ghost draws life force from you!
You die...

.#.............###### #.#
.#......######## #######.#
###### .#.(....# #.......#
#..... .##.##### # #########
#.#### .##.#### #~#### #.#..#
.##....# ##~#..# #.#..#
.#####.# ###~##.# #.#..#
.#####.#######.#W#..# #.#..#
................@...# #.#.<#
#############.#..##.# #.#.##
#................>#.# #.#..(
#.####.####.#.#...#.# #.####
#.#..'.+..#.#.#...#.# #.#
#.#8.#.#..#.#.#...#.# #.#
#.####.##'#.#.#...#.# #.#
#...........#.#...#.########.#
#.####.##'#.#.....#..........#


You could see olddryhag's ghost.

Vanquished Creatures
  3 adders
  An adder zombie (D:2)
  An orc (D:3)
  An endoplasm (D:1)
  3 giant cockroaches
  6 goblins
  6 hobgoblins (D:1)
  4 jackals
  4 quokkas
  3 ball pythons
  2 ball python zombies (D:2)
  4 bats
  5 frilled lizards
  A jackal skeleton (D:2)
  A jackal zombie (D:2)
  4 kobolds
  2 quokka skeletons (D:2)
  A quokka zombie (D:2)
  8 rats
60 creatures vanquished.

Vanquished Creatures (others)
  10 plants (D:3)
  A withered plant (D:2)
11 creatures vanquished.

Grand Total: 71 creatures vanquished

Notes
Turn   | Place    | Note
-------+----------+-------------------------------------------
     0 | D:1      | Newt the Kobold Hunter began the quest for the Orb.
     0 | D:1      | Reached XP level 1. HP: 12/12 MP: 1/1
   226 | D:1      | Reached XP level 2. HP: 18/18 MP: 2/2
   250 | D:1      | Found a faded altar of an unknown god.
   658 | D:1      | Reached XP level 3. HP: 23/23 MP: 3/3
  1470 | D:2      | Reached XP level 4. HP: 30/30 MP: 4/4
  2385 | D:3      | Found a runed translucent door.
  2616 | D:3      | Reached skill level 5 in Fighting
  3025 | D:3      | Noticed olddryhag's ghost (amateur DsNe)
  3291 | D:3      | Killed from afar by olddryhag's ghost

Illustrated notes

Levels and vault maps discovered:
D:1:      minmay_arrival_shattered_statue, layout_basic, serial_aquarium,
          aquarium_bridge_straight [aquarium_subvault_bridge,
          aquarium_subvault_wall, aquarium_subvault_bridge,
          aquarium_subvault_wall], aquarium_bridge_straight
          [aquarium_subvault_bridge, aquarium_subvault_wall,
          aquarium_subvault_bridge, aquarium_subvault_wall], aquarium_window_1,
          aquarium_window_2, aquarium_window_corner, aquarium_view_2d,
          aquarium_balcony_double_1, dreamdust_ecumenical_altar_grove
D:2:      layout_loops_ring, serial_undead, serial_undead_c, serial_undead_c,
          serial_undead_c, serial_undead_b, serial_undead_a, serial_undead_a
D:3:      minmay_door_path, layout_basic, ebering_ghost_sewer_d,
          nicolae_eternal_life, serial_bayou_lagoon_b

Skill      XL: |  1  2  3  4 |
---------------+-------------+-----
Fighting       | 3 4 5 |  5.0
Ranged Weapons | |  5.5
Dodging        | |  2.4
Stealth        | |  1.3

Action                     |  1- 3 |  4- 6 || total
---------------------------+-------+-------++-------
   Fire: Shortbow          |    99 |    71 ||   170
    Use: Scroll            |       |     9 ||     9
         Potion            |       |     2 ||     2
 Armour: Leather armour    |    21 |    12 ||    33
         Skin              |       |    16 ||    16
  Dodge: Dodged            |    91 |    21 ||   112

Table legend: (Time is in decaauts)
 A = Elapsed time spent in this place.
 B = Non-inter-level travel time spent in this place.
 C = Inter-level travel time spent in this place.
 D = Time resting spent in this place.
 E = Time spent auto-exploring this place.
 F = Levels seen in this place.
 G = Mean time per level.
                   A        B        C        D        E       F      G
               +--------+--------+--------+--------+--------+-----+--------+
         Total |   3357 |   3265 |     92 |    548 |   2353 |   3 | 1119.0 |
       Dungeon |   3357 |   3265 |     92 |    548 |   2353 |   3 | 1119.0 |
               +--------+--------+--------+--------+--------+-----+--------+

Top non-repeatable levels by time:
     D:3: 1480 daAuts
     D:1: 1139 daAuts
     D:2: 737 daAuts
